 Dungeon Crawl Stone Soup version 0.29-a0-409-gd843f3a48c (webtiles) character file.

Game seed: 18151976638585575149

93 dolemite99 the Cudgeller (level 4, -2/35 HPs)
             Began as a Demonspawn Fighter on May 14, 2022.
             Was a Follower of Dithmenos.
             Splashed by a jelly's acid (7 damage)
             ... on level 2 of the Dungeon.
             The game lasted 00:01:49 (1913 turns).

dolemite99 the Cudgeller (Demonspawn Fighter)       Turns: 1913, Time: 00:01:49

Health: -2/35      AC:  3    Str: 18    XL:     4   Next: 37%
Magic:  13/13      EV:  9    Int: 10    God:    Dithmenos [*.....]
Gold:   87         SH:  4    Dex: 12    Spells: 3/3 levels left

rFire   . . .      SeeInvis .   a - +9 whip "Saxeodel" {vamp, rN+ Will+ MP+9}
rCold   . . .      Faith    .   c - +0 buckler
rNeg    + . .      Spirit   .   b - +0 scale mail
rPois   .          Reflect  .   (helmet restricted)
rElec   .          Harm     .   (no cloak)
rCorr   .          Rampage  .   (no gloves)
Will    +....                   k - +0 pair of boots
Stlth   ..........              (no amulet)
HPRegen 0.11/turn               (no ring)
MPRegen 0.26/turn               (no ring)

@: brilliant, corroded, wreathed by umbra
A: antennae 1, hooves 1, magic regeneration
a: Renounce Religion


You were on level 2 of the Dungeon.
You worshipped Dithmenos.
Dithmenos was aware of your devotion.
You visited 1 branch of the dungeon, and saw 2 of its levels.

You collected 87 gold pieces.

Inventory:

Hand Weapons
 a - the +9 whip "Saxeodel" (weapon) {vamp, rN+ Will+ MP+9}
   (You found it on level 2 of the Dungeon)

   It occasionally heals its wielder for a portion of the damage dealt when it
   wounds a living foe.
   rN:        It protects you from negative energy.
   MP:        It affects your magic capacity (+9).
   Will:      It increases your willpower.
 o - a +0 vampiric spear
 p - a +0 flail
Missiles
 n - 33 stones (quivered)
 r - 3 javelins
Armour
 b - a +0 scale mail (worn)
 c - a +0 buckler (worn)
 k - a +0 pair of boots (worn)
Wands
 q - a wand of paralysis (1)
Scrolls
 g - a scroll of enchant weapon {unknown}
 h - a scroll of fog {unknown}
 l - a scroll of teleportation {unknown}
 m - a scroll of silence {unknown}
 s - a scroll of torment {unknown}
Potions
 d - a potion of might
 e - 2 potions of magic {unknown}
 f - a potion of brilliance
 i - a potion of curing {unknown}
 j - a potion of flight {unknown}


   Skills:
 - Level 3.0 Fighting
 + Level 4.2 Maces & Flails
 - Level 2.6 Armour
 - Level 2.6 Shields


You had 3 spell levels left.
You didn't know any spells.
Your spell library contained the following spells:

 Spells                   Type           Power      Damage    Failure   Level
 Summon Ice Beast         Ice/Summ       0%         N/A       100%        4
 Summon Mana Viper        Hex/Summ       0%         N/A       100%        5
 Monstrous Menagerie      Summ           0%         N/A       100%        7


Dungeon Overview and Level Annotations

Branches:
Dungeon (2/15)

Altars:
Dithmenos


Innate Abilities, Weirdness & Mutations

You have a pair of small antennae on your head.
You have large cloven feet.
You regenerate magic rapidly.


Message History

A kobold comes into view. It is wielding a +0 short sword.
The kobold shouts!
A kobold is nearby!
A kobold is nearby!
You hit the kobold.
The kobold is severely wounded.
The kobold hits you with a +0 short sword.
You barely miss the kobold.
The kobold is severely wounded.
The kobold hits you but does no damage.
You hit the kobold.
You feel better.
You kill the kobold!
Dithmenos accepts your kill.
No target in view!
Things that are here:
a +0 short sword; a kobold corpse No target in view!
You sense a monster nearby.
You sense a monster nearby.
No target in view!
You open the door. 2 endoplasms and a jelly come into view.
The endoplasm quivers.
The jelly quivers.
Found a hobgoblin skeleton.
You whack the jelly!
Your hands burn!
The jelly is severely wounded.
The jelly hits you.
You are splashed with acid!
You hit the jelly but do no damage.
Your hands burn!
The jelly is severely wounded.
The jelly hits you but does no damage.
You are too injured to fight recklessly!
The jelly attacks as you move away! The jelly hits you. The acid corrodes you!
You are splashed with acid!
* * * LOW HITPOINT WARNING * * *
It was a potion of brilliance.
You feel clever all of a sudden. The jelly hits you.
* * * LOW HITPOINT WARNING * * *
You are splashed with acid!
You die...

# #....# #.P #..... #.P
###... #.. #.... #.P #.
#.#.. #.÷ #.# ##.... #.J {
#.# ##...## #J####### #.#
#..####
#.JJ@.)###.####.†..<.
########.##)##........
#....'..###.#...#.<...
#....######...........
#....)..##......#.....
#.....).##..#.####..##
#.......##.....# #.##
#..##.......##.##..###.#
#..###.....###.##...#..###


You could see a jelly and 2 endoplasms.

Vanquished Creatures
  3 adders (D:2)
  4 dart slugs (D:1)
  3 bats
  5 endoplasms
  A giant cockroach (D:1)
  A goblin (D:2)
  4 hobgoblins
  10 jackals (D:1)
  11 kobolds
  4 quokkas
  3 ball pythons (D:1)
  2 frilled lizards
  A rat (D:1)
52 creatures vanquished.

Vanquished Creatures (others)
  A fungus (D:1)
  4 plants (D:1)
  6 toadstools (D:2)
11 creatures vanquished.

Grand Total: 63 creatures vanquished

Notes
Turn   | Place    | Note
-------+----------+-------------------------------------------
     0 | D:1      | dolemite99 the Demonspawn Fighter began the quest for the
                  | Orb.
     0 | D:1      | Reached XP level 1. HP: 18/18 MP: 1/1
    39 | D:1      | Reached skill level 2 in Maces & Flails
   269 | D:1      | Discovered your monstrous ancestry.
   269 | D:1      | Gained mutation: You have large cloven feet. [demonic
                  | ancestry]
   269 | D:1      | Reached XP level 2. HP: 24/24 MP: 2/2
   382 | D:1      | Reached skill level 3 in Maces & Flails
   583 | D:1      | Gained mutation: You have a pair of small antennae on your
                  | head. [demonic ancestry]
   583 | D:1      | Reached XP level 3. HP: 29/29 MP: 3/3
  1044 | D:1      | Found a faded altar of an unknown god.
  1072 | D:1      | Prayed at the altar of an unknown god.
  1072 | D:1      | Became a worshipper of Dithmenos the Shadowed
  1072 | D:1      | Reached * piety under Dithmenos
  1541 | D:2      | Reached skill level 4 in Maces & Flails
  1541 | D:2      | Gained mutation: You regenerate magic rapidly. [demonic
                  | ancestry]
  1541 | D:2      | Reached XP level 4. HP: 35/35 MP: 4/4
  1541 | D:2      | Identified the +9 whip "Saxeodel" {vamp, rN+ Will+ MP+9}
  1913 | D:2      | Splashed by a jelly's acid

Illustrated notes

Levels and vault maps discovered:
D:1:      minmay_arrival_four_loops, layout_basic,
          shapermc_ecumenical_altar_mp_ritualfount
D:2:      cheibrodos_fertilizer, layout_rooms

Skill      XL: |  1  2  3 |
---------------+----------+-----
Maces & Flails | 2 3 4 |  4.2
Fighting       | |  3.0
Armour         | |  2.6
Shields        | |  2.6

Action                   |  1- 3 |  4- 6 || total
-------------------------+-------+-------++-------
Melee: Flail             |   103 |       ||   103
       Kick              |    10 |       ||    10
       Whip              |       |    24 ||    24
Throw: Javelin           |    13 |     3 ||    16
       Stone             |       |    14 ||    14
  Use: Potion            |       |     1 ||     1
Armor: Scale mail        |    58 |     9 ||    67
Dodge: Dodged            |    74 |     9 ||    83
Block: Buckler           |    27 |     5 ||    32

Table legend: (Time is in decaauts)
 A = Elapsed time spent in this place.
 B = Non-inter-level travel time spent in this place.
 C = Inter-level travel time spent in this place.
 D = Time resting spent in this place.
 E = Time spent auto-exploring this place.
 F = Levels seen in this place.
 G = Mean time per level.
                   A        B        C        D        E       F      G
               +--------+--------+--------+--------+--------+-----+--------+
         Total |   1952 |   1883 |     69 |      0 |   1445 |   2 |  976.0 |
       Dungeon |   1952 |   1883 |     69 |      0 |   1445 |   2 |  976.0 |
               +--------+--------+--------+--------+--------+-----+--------+

Top non-repeatable levels by time:
     D:1: 1491 daAuts
     D:2: 461 daAuts
